 Dungeon Crawl Stone Soup version 0.21-a0-528-gf531e82 (webtiles) character file.

12070 dududu the Grappler (level 11, -10/99 HPs)
             Began as a Ghoul Monk on Dec 8, 2017.
             Was an Elder of Makhleb.
             Mangled by a komodo dragon (12 damage)
             ... on level 1 of the Lair of Beasts.
             The game lasted 00:52:05 (10957 turns).

dududu the Grappler (Ghoul Monk)                   Turns: 10957, Time: 00:52:06

Health: -10/99     AC: 18    Str: 19    XL:     11   Next: 87%
Magic:  13/13      EV:  7    Int:  5    God:    Makhleb [****..]
Gold:   203        SH:  0    Dex: 11    Spells: 9/10 levels left

rFire    . . .     SeeInvis .     - Unarmed
rCold    + . .     Gourm    .   (no shield)
rNeg     + + +     Faith    .   s - +0 plate armour
rPois    ∞         Spirit   .   (no helmet)
rElec    .         Reflect  .   e - +2 cloak
rCorr    .         Harm     .   (no gloves)
MR       .....                  E - +0 pair of boots
Stlth    ..........             (no amulet)
HPRegen  0.00/turn              o - ring of wizardry
MPRegen  0.13/turn              (no ring)

@: rotting, hasted, very quick
A: rotting body, claws 1, carnivore 3, cold resistance 1, negative energy
resistance 3, inhibited regeneration, torment resistance, unbreathing
a: Minor Destruction, Lesser Servant of Makhleb, Major Destruction, Renounce
Religion


You were on level 1 of the Lair of Beasts.
You worshipped Makhleb.
Makhleb was greatly pleased with you.
You were not hungry.

You visited 3 branches of the dungeon, and saw 13 of its levels.

You collected 695 gold pieces.
You spent 492 gold pieces at shops.

Inventory:

Hand Weapons
 b - a +0 hunting sling
 w - a +6 blowgun
Missiles
 c - 247 stones (quivered)
 p - 66 sling bullets
 r - 12 tomahawks
 v - 11 poisoned needles
Armour
 a - a +0 robe
 d - a +0 chain mail
 e - a +2 cloak (worn)
 s - a +0 plate armour (worn)
 E - a +0 pair of boots (worn)
 O - a +1 pair of gloves
Jewellery
 o - a ring of wizardry (left claw)
Wands
 i - a wand of digging (10)
 t - a wand of flame (18)
 B - a wand of paralysis (41)
 L - a wand of disintegration (19)
Scrolls
 h - 3 scrolls of amnesia
 j - a scroll of immolation {unknown}
 m - a scroll of blinking {unknown}
 q - 4 scrolls of remove curse
 x - 4 scrolls of teleportation
 F - a scroll of fear
 J - a scroll of identify
 Q - a scroll of magic mapping
Potions
 g - 2 potions of flight
 k - a potion of haste
 l - a potion of agility
 z - 2 potions of resistance
 A - 3 potions of curing
 D - a potion of ambrosia
 H - a potion of magic
 I - a potion of brilliance
 M - 2 potions of heal wounds
 P - a potion of might
Books
 y - a book of Changes

   Spells                             Type                      Level
   a - Beastly Appendage              Transmutation                1
   b - Sticks to Snakes               Transmutation                2
   c - Spider Form                    Transmutation/Poison         3
   d - Ice Form                       Ice/Transmutation            4
   e - Blade Hands                    Transmutation                5
 C - a book of Battle

   Spells                             Type                      Level
   a - Infusion                       Charms                       1
   b - Shroud of Golubria             Charms/Translocation         2
   c - Song of Slaying                Charms                       2
   d - Spectral Weapon                Hexes/Charms                 3
   e - Regeneration                   Charms/Necromancy            3
 G - a book of Misfortune

   Spells                             Type                      Level
   a - Confusing Touch                Hexes                        1
   b - Confuse                        Hexes                        3
   c - Gell's Gravitas                Translocation                3
   d - Petrify                        Transmutation/Earth          4
   e - Metabolic Englaciation         Hexes/Ice                    5
   f - Yara's Violent Unravelling     Hexes/Transmutation          5
 K - a book of Maledictions

   Spells                             Type                      Level
   a - Corona                         Hexes                        1
   b - Ensorcelled Hibernation        Hexes/Ice                    2
   c - Confuse                        Hexes                        3
   d - Tukima's Dance                 Hexes                        3
   e - Dazzling Spray                 Conjuration/Hexes            3
 N - a book of Necromancy

   Spells                             Type                      Level
   a - Pain                           Necromancy                   1
   b - Animate Skeleton               Necromancy                   1
   c - Vampiric Draining              Necromancy                   3
   d - Regeneration                   Charms/Necromancy            3
   e - Animate Dead                   Necromancy                   4
   f - Control Undead                 Necromancy                   4
Comestibles
 f - 5 royal jellies
 n - 5 meat rations


   Skills:
 + Level 9.8 Fighting
 + Level 7.5 Armour
 - Level 2.9 Dodging
 - Level 2.2 Stealth
 + Level 11.3 Unarmed Combat
 * Level 7.7 Hexes
 - Level 5.0 Invocations


You had 9 spell levels left.
You knew the following spells:

 Your Spells              Type           Power        Failure   Level  Hunger
a - Confusing Touch       Hex            #.....       22%         1    ##.....


Dungeon Overview and Level Annotations

Branches:
Dungeon (11/15)            Temple (1/1) D:4            Lair (1/6) D:9
    Orc (0/2) D:11

Altars:
Ashenzari
Cheibriados
Dithmenos
Elyvilon
Fedhas
Gozag
Hepliaklqana
Kikubaaqudgha
Makhleb
Nemelex Xobeh
Okawaru
Qazlal
Ru
Sif Muna
Trog
Uskayaw
Vehumet
Wu Jian
Xom
Yredelemnul
Zin
The Shining One

Shops:
D:4 *   D:6 %(*!?   D:10 !


Innate Abilities, Weirdness & Mutations

Your body is rotting away.
You thrive on raw meat.
You are immune to poison.
You have sharp fingernails.
You are carnivorous and can eat meat at any time.
Your flesh is cold resistant. (rC+)
You are immune to negative energy. (rN+++)
You do not regenerate when monsters are visible.
You are immune to unholy pain and torment.
You can survive without breathing.


Message History

Your ufetubus disappears in a puff of smoke! x4
A demon appears!
The komodo dragon bites you!!
* * * LOW HITPOINT WARNING * * *
The komodo dragon bites your neqoxec.
Your neqoxec gestures.
Found 10 poisoned needles.
Evoke which item? (* to show all) (? for menu, Esc to quit)
Aiming: Paralyse
Press: ? - help, Shift-Dir - straight line, f - komodo dragon
Aim: a komodo dragon (lightly wounded, chance to defeat MR: 28%)
The komodo dragon easily resists.
Your neqoxec hits the komodo dragon. The komodo dragon bites you!
* * * LOW HITPOINT WARNING * * *
Your orange demon stings the komodo dragon but does no damage.
Unknown command.
Your neqoxec closely misses the komodo dragon.
You feel yourself speed up.
Your neqoxec hits the komodo dragon but does no damage.
The komodo dragon bites you!
You die...

##...#... #........
#.... ##([....( ....
.....$... ...
#.....#(## .. .#
#....(P# .##
...###....###..####
........453.l#....#..
.......)..5.l@...)...
#...!..<..5##....P.##
####.......####.....#
#.......# ....(.
####...## ..#.. ###.#
..# . ### .# ##


You could see 2 komodo dragons, a friendly orange demon, a friendly neqoxec, 2
friendly iron imps and a friendly shadow imp.

Vanquished Creatures
  3 two-headed ogres
  A centaur warrior (D:10)
  A spiny frog (Lair:1)
  A komodo dragon (D:11)
  A hornet (D:10)
  Prince Ribbit (D:8)
  2 hippogriffs
  A wraith (D:11)
  A shadow (D:10)
  A vampire (D:9)
  A spriggan (D:8)
  2 wyverns
  9 yaks (D:10)
  2 hungry ghosts (D:10)
  A soldier ant (D:10)
  An orc warrior (D:8)
  A porcupine (Lair:1)
  9 sky beasts
  2 black bears
  An ice beast (D:8)
  A necrophage (D:9)
  2 phantoms
  2 ogres
  7 centaurs
  2 crocodiles
  A big kobold (D:8)
  Blork the orc (D:5)
  4 bullfrogs
  3 scorpions
  8 killer bees
  13 wights
  4 crimson imps
  A centaur zombie (D:6)
  A quasit (D:11)
  4 hounds
  3 bullfrog skeletons
  5 orc priests
  2 centaur skeletons
  8 orc wizards
  4 worker ants
  2 killer bee zombies (D:6)
  2 hound zombies
  A worker ant zombie (D:10)
  17 adders
  2 gnolls (D:6)
  2 shadow imps
  An ooze (D:2)
  An adder zombie (D:5)
  2 adder skeletons
  A worm (D:2)
  A dart slug (D:1)
  8 leopard geckos
  37 orcs
  2 ball pythons (D:6)
  9 giant cockroaches
  4 goblins
  8 hobgoblins
  11 jackals
  3 quokkas
  11 bats
  8 frilled lizards
  10 kobolds
  A quokka zombie (D:10)
  8 rats
270 creatures vanquished.

Vanquished Creatures (collateral kills)
  2 two-headed ogres (D:8)
  A basilisk (D:9)
  2 killer bees (D:9)
  A wight (D:9)
  A bullfrog zombie (D:9)
  A gnoll shaman (D:6)
  An orc priest (D:9)
  A bullfrog skeleton (D:9)
  2 gnolls (D:6)
  A shadow imp (D:9)
  2 orcs (D:9)
  4 kobolds (D:8)
19 creatures vanquished.

Vanquished Creatures (others)
  Duvessa (D:4)
  Dowan (D:4)
2 creatures vanquished.

Grand Total: 291 creatures vanquished

Notes
Turn   | Place    | Note
-------+----------+-------------------------------------------
     0 | D:1      | dududu the Ghoul Monk began the quest for the Orb.
     0 | D:1      | Reached XP level 1. HP: 19/19 MP: 0/0
   179 | D:1      | Reached XP level 2. HP: 18/26 MP: 1/1
   646 | D:1      | Reached XP level 3. HP: 31/31 MP: 2/2
   727 | D:1      | Reached skill level 4 in Unarmed Combat
  1042 | D:2      | Reached XP level 4. HP: 40/40 MP: 3/3
  1277 | D:2      | Found an opulent altar of Gozag.
  1517 | D:3      | Reached skill level 1 in Armour
  1724 | D:3      | Reached XP level 5. HP: 41/45 MP: 4/4
  1870 | D:3      | Reached skill level 5 in Unarmed Combat
  2375 | D:4      | Found a staircase to the Ecumenical Temple.
  2384 | Temple   | Entered the Ecumenical Temple
  2466 | Temple   | Became a worshipper of Makhleb the Destroyer
  2466 | Temple   | Reached * piety under Makhleb
  2466 | Temple   | Reached ** piety under Makhleb
  2521 | D:4      | Noticed Duvessa
  2522 | D:4      | Noticed Dowan
  2608 | D:4      | Found Ywohir's Serpentskin Sales.
  2985 | D:4      | Found a deep blue altar of Sif Muna.
  3045 | D:4      | Reached XP level 6. HP: 13/53 MP: 5/5
  3049 | D:4      | Reached skill level 1 in Invocations
  3063 | D:4      | Killed Dowan
  3506 | D:4      | Killed Duvessa
  3681 | D:5      | Entered Level 5 of the Dungeon
  3749 | D:5      | Noticed Blork the orc
  3798 | D:5      | Noticed a sky beast
  3837 | D:5      | Killed a sky beast
  3837 | D:5      | Reached skill level 6 in Unarmed Combat
  3982 | D:5      | Reached XP level 7. HP: 57/60 MP: 7/7
  4256 | D:5      | Reached skill level 5 in Fighting
  4408 | D:5      | Killed Blork the orc
  4483 | D:5      | Found a blossoming altar of Fedhas.
  4565 | D:5      | Reached *** piety under Makhleb
  4851 | D:6      | Reached skill level 7 in Unarmed Combat
  4886 | D:6      | Reached XP level 8. HP: 69/69 MP: 9/9
  5111 | D:6      | Found Asyossoca's Magic Scroll Shop.
  5136 | D:6      | Found Qeeman's Distillery.
  5138 | D:6      | Bought a scroll of remove curse for 39 gold pieces
  5138 | D:6      | Bought a scroll of identify for 26 gold pieces
  5162 | D:6      | Found Niulishru's General Store.
  5163 | D:6      | Found Resh's Weapon Emporium.
  5262 | D:6      | Bought a scroll of identify for 24 gold pieces
  5266 | D:6      | Bought a potion of resistance for 100 gold pieces
  5266 | D:6      | Bought a potion of degeneration for 10 gold pieces
  5266 | D:6      | Bought a potion of curing for 30 gold pieces
  5272 | D:6      | Bought a scroll of identify for 26 gold pieces
  5274 | D:6      | Bought a scroll of identify for 26 gold pieces
  5607 | D:6      | Found Syppaic's Food Boutique.
  6122 | D:7      | Reached skill level 8 in Unarmed Combat
  6357 | D:7      | Reached XP level 9. HP: 72/78 MP: 11/11
  6514 | D:7      | Reached skill level 5 in Invocations
  6556 | D:7      | Reached skill level 9 in Unarmed Combat
  6569 | D:7      | Learned a level 1 spell: Confusing Touch
  6779 | D:8      | Reached skill level 1 in Hexes
  7019 | D:8      | Noticed Prince Ribbit
  7221 | D:8      | Reached skill level 5 in Armour
  7281 | D:8      | Noticed a two-headed ogre
  7283 | D:8      | Killed Prince Ribbit
  7293 | D:8      | Killed a two-headed ogre
  7346 | D:8      | Noticed a two-headed ogre
  7385 | D:8      | Killed a two-headed ogre
  7385 | D:8      | Reached XP level 10. HP: 68/88 MP: 12/12
  7777 | D:8      | Noticed a two-headed ogre
  7792 | D:8      | Killed a two-headed ogre
  8113 | D:8      | Reached skill level 10 in Unarmed Combat
  8413 | D:9      | Found a sacrificial altar of Ru.
  8489 | D:9      | Reached skill level 5 in Hexes
  8638 | D:9      | Reached **** piety under Makhleb
  9070 | D:9      | Found a staircase to the Lair.
  9188 | D:10     | Entered Level 10 of the Dungeon
  9304 | D:10     | Noticed a two-headed ogre
  9314 | D:10     | Killed a two-headed ogre
  9314 | D:10     | Reached XP level 11. HP: 89/95 MP: 13/13
  9626 | D:10     | Noticed a centaur warrior
  9639 | D:10     | Killed a centaur warrior
  9832 | D:10     | Found Kyeny's Distillery.
  9841 | D:10     | Bought a potion of heal wounds for 55 gold pieces
  9841 | D:10     | Bought a potion of lignification for 33 gold pieces
  9995 | D:6      | Bought a scroll of identify for 26 gold pieces
  9997 | D:6      | Bought a scroll of identify for 26 gold pieces
  9997 | D:6      | Bought a scroll of identify for 26 gold pieces
  9997 | D:6      | Bought a scroll of magic mapping for 45 gold pieces
 10388 | D:10     | Reached skill level 11 in Unarmed Combat
 10578 | D:10     | Noticed a two-headed ogre
 10595 | D:10     | Killed a two-headed ogre
 10686 | D:11     | Found a staircase to the Orcish Mines.
 10816 | D:11     | Noticed a cyan ugly thing
 10919 | Lair:1   | Entered Level 1 of the Lair of Beasts
 10955 | Lair:1   | HP: 2/99 [komodo dragon (9)]
 10957 | Lair:1   | Mangled by a komodo dragon

Vault maps used:
D:1:      minmay_arrival_arboretum_large, minmay_misc_feat_chi
D:2:      nicolae_gozag_seed_capital
D:4:      nicolae_overflow_hidden_temple, lemuel_temple_firewalk_b, first_bread,
          serial_bayou_pond_b, guppyfry_shop_venom, uniq_duvessa
D:5:      basic_altar, uniq_blork_the_orc
D:6:      serial_shops, shop_statue, shop, shop, shop_statue, shop_fountains,
          kennysheep_generic_room_10
D:8:      the_bakery, uniq_prince_ribbit1
D:9:      erik_lair_dragon, nicolae_ru_great_annihilating_truth
D:10:     wad_arrow_thing, serial_shops, shop
D:11:     orc_0_dummy, jmf_multi_god_temple2
Temple:   compressed_dpeg_triangle_lava_temple

Skill      XL: |  1  2  3  4  5  6  7  8  9 10 11 |
---------------+----------------------------------+-----
Unarmed Combat | 4 5 6 7 8 9 10 11 | 11.3
Armour         | 1 2 3 4 5 6 7 |  7.5
Fighting       | 4 5 6 7 8 9 |  9.8
Invocations    | 2 3 4 5 |  5.0
Hexes          | 3 6 7 |  7.7
Dodging        | |  2.9
Stealth        | |  2.2

Action                   |  1- 3 |  4- 6 |  7- 9 | 10-12 || total
-------------------------+-------+-------+-------+-------++-------
Melee: Unarmed           |   112 |   172 |   375 |   434 ||  1093
       Punch             |       |     2 |     8 |    16 ||    26
 Fire: Hunting sling     |       |    47 |    64 |    46 ||   157
       Blowgun           |       |       |       |    39 ||    39
Throw: Stone             |     2 |       |     2 |     6 ||    10
       Tomahawk          |       |     6 |    11 |     6 ||    23
Invok: Minor Destruction |       |     3 |     3 |       ||     6
       Lesser Servant of |       |       |     5 |    11 ||    16
Evoke: Wand              |       |       |       |     2 ||     2
  Use: Scroll            |       |     5 |     6 |     9 ||    20
       Potion            |       |     4 |       |     1 ||     5
 Stab: Sleeping          |     4 |       |       |       ||     4
       Distracted        |       |       |     1 |     1 ||     2
  Eat: Chunk             |     5 |    19 |    19 |    30 ||    73
Armor: Robe              |    10 |       |       |       ||    10
       Chain mail        |    26 |    93 |    94 |       ||   213
       Plate armour      |       |       |   123 |   229 ||   352
Dodge: Dodged            |    45 |    69 |   129 |   113 ||   356

Table legend:
 A = Spawn XP
 B = Non-spawn XP
 C = Spawn XP percentage of total XP
 D = Spawn monster count
 E = Non-spawn monster count
 F = Spawn count percentage of total count
 G = Total turns spent on level
                    A         B        C        D         E        F      G
               +---------+---------+-------+---------+---------+-------+---------
         Total |       0 |   17244 |   0.0 |       0 |     289 |   0.0 | 10957
               +---------+---------+-------+---------+---------+-------+---------
           D:1 |       0 |      38 |   0.0 |       0 |      23 |   0.0 |   818
           D:2 |       0 |      58 |   0.0 |       0 |      16 |   0.0 |   600
           D:3 |       0 |     120 |   0.0 |       0 |      30 |   0.0 |  1058
           D:4 |       0 |     253 |   0.0 |       0 |      23 |   0.0 |  1218
           D:5 |       0 |     556 |   0.0 |       0 |      26 |   0.0 |  1013
           D:6 |       0 |     776 |   0.0 |       0 |      23 |   0.0 |  1317
           D:7 |       0 |    1122 |   0.0 |       0 |      18 |   0.0 |   753
           D:8 |       0 |    3455 |   0.0 |       0 |      35 |   0.0 |  1532
           D:9 |       0 |    2223 |   0.0 |       0 |      36 |   0.0 |   996
          D:10 |       0 |    7206 |   0.0 |       0 |      51 |   0.0 |  1301
          D:11 |       0 |     710 |   0.0 |       0 |       5 |   0.0 |   211
        Lair:1 |       0 |     727 |   0.0 |       0 |       3 |   0.0 |    38
               +---------+---------+-------+---------+---------+-------+---------
